 Dungeon Crawl Stone Soup version 0.31.0-11-ge490571c62 (webtiles) character file.

Game seed: 14741345572780823693

81 qw the Shooter (level 4, -4/22 HPs)
             Began as a Spriggan Hunter on Feb 4, 2024.
             Slain by a sleepcap (20 damage)
             ... on level 3 of the Dungeon.
             The game lasted 00:00:07 (1405 turns).

qw the Shooter (Spriggan Hunter)                    Turns: 1405, Time: 00:00:07

Health: -4/22      AC:  2    Str:  7    XL:     4   Next: 19%
Magic:  5/5        EV:  4    Int: 10    God:
Gold:   34         SH:  0    Dex: 20    Spells: 3/3 levels left

rFire   . . .        a - +0 shortbow
rCold   . . .        (shield currently unavailable)
rNeg    . . .        c - +0 robe
rPois   .            (helmet restricted)
rElec   .            (no cloak)
rCorr   .            (gloves unavailable)
SInv    +            (boots unavailable)
Will    .....        (no amulet)
Stlth   ++           (no ring)
HPRegen 0.23/turn    (no ring)
MPRegen 0.09/turn

%: no passive effects
@: sleeping, very quick
A: very small, no large weapons, unfitting armour, see invisible, speed 3
a: no special abilities


You were on level 3 of the Dungeon.
You visited 1 branch of the dungeon, and saw 3 of its levels.

You collected 34 gold pieces.


Innate Abilities, Weirdness & Mutations

You are very small and have problems with some larger weapons.
You are too small for most types of armour.
You have supernaturally acute eyesight. (SInv)
You cover ground extremely quickly. (Speed+++)


   Skills:
 - Level 1.5 Fighting
 - Level 5.0 Ranged Weapons
 + Level 4.5 Dodging
 - Level 1.5 Stealth


You had 3 spell levels left.
You didn't know any spells.
Your spell library was empty.

Inventory:

Hand Weapons
 a - a +0 shortbow (weapon)
Armour
 c - a +0 robe (worn)
Scrolls
 d - a scroll of identify
Potions
 b - a potion of curing
 f - a potion of heal wounds {unknown}
 k - a potion of lignification {unknown}
 l - 2 potions of magic {unknown}

Dungeon Overview and Level Annotations

Branches:
Dungeon (3/15)

Altars:

Shops:
D:1 =   D:3 [


Message History

Enter note:
Enter note:
1393 ||| RETREEEEATING.
Enter note:
Enter note:
1394 ||| RETREEEEATING.
You open the door.
1395 ||| RETREEEEATING.
There is an open door here.
You shoot an arrow. The arrow hits the sleepcap!
The sleepcap is moderately damaged.
You shoot an arrow.
The arrow hits the sleepcap but does no damage.
The sleepcap is moderately damaged.
You shoot an arrow.
The arrow hits the sleepcap but does no damage.
The sleepcap is moderately damaged.
You shoot an arrow. The arrow hits the sleepcap.
The sleepcap is heavily damaged.
You shoot an arrow. The arrow hits the sleepcap.
The sleepcap is heavily damaged.
The sleepcap closely misses you.
You shoot an arrow. The arrow hits the sleepcap!
The sleepcap is severely damaged.
The sleepcap completely misses you.
You shoot an arrow. The arrow hits the sleepcap.
The sleepcap is almost destroyed.
The sleepcap misses you.
You shoot an arrow.
The arrow hits the sleepcap but does no damage.
The sleepcap is almost destroyed.
The sleepcap misses you.
You shoot an arrow.
The arrow hits the sleepcap but does no damage.
The sleepcap is almost destroyed.
The sleepcap releases spores at you.
You are engulfed in a cloud of soporific spores!
You fall asleep.
The sleepcap releases spores at you!!
Ouch! That really hurt!
You die...

#ff.# ##...###### #.#
#.....#...# #.# ..
#.....#...# #.#
#..##...##...# #.#
#............#####.#
#...............##.# .#
#........f......##.# ..
#########@##(..\##.#######
#..'....'.........
####....##.#####..
#####....##.....+..
#..............##..
#..................
##..................
..........#####.....
........###########.


You could see a sleepcap.

Vanquished Creatures
  Robin (D:3)
  3 dart slugs
  4 orcs (D:2)
  2 ball pythons (D:1)
  5 endoplasms
  A giant cockroach (D:1)
  13 goblins
  8 hobgoblins
  2 jackals (D:1)
  A quokka (D:2)
  2 bats (D:2)
  4 frilled lizards
  2 kobolds (D:1)
  5 rats
53 creatures vanquished.

Notes
Turn   | Place    | Note
-------+----------+-------------------------------------------
     0 | D:1      | qw the Spriggan Hunter began the quest for the Orb.
     0 | D:1      | Reached XP level 1. HP: 10/10 MP: 2/2
     0 | D:1      | 0 ||| qw: Version: 0.3-a-160-g6735b56
     0 | D:1      | 0 ||| qw: Game counter: 4472
     0 | D:1      | 0 ||| qw: Melee chars always use a shield: true
     0 | D:1      | 0 ||| qw: God list: Okawaru
     0 | D:1      | 0 ||| qw: Allow faded altars: false
     0 | D:1      | 0 ||| qw: Do Orc after clearing Dungeon:15 true
     0 | D:1      | 0 ||| qw: Do second Lair branch before Depths: true
     0 | D:1      | 0 ||| qw: Lair rune preference: random
     0 | D:1      | 0 ||| qw: Goals: Normal
     0 | D:1      | 0 ||| PLANNING D:1-11
    48 | D:1      | Reached skill level 3 in Dodging
   151 | D:1      | Reached XP level 2. HP: 7/14 MP: 3/3
   334 | D:1      | Found Dohuih's Jewellery Shoppe.
   349 | D:1      | 349 ||| SHOPLISTING +4 ring of protection (360 gold, have
                  | 22).
   349 | D:1      | 349 ||| SHOPLISTING +6 ring of strength (360 gold, have
                  | 22).
   349 | D:1      | 349 ||| SHOPLISTING amulet of faith (400 gold, have 22).
   349 | D:1      | 349 ||| SHOPLISTING amulet of guardian spirit (300 gold,
                  | have 22).
   349 | D:1      | 349 ||| SHOPLISTING ring of positive energy (200 gold, have
                  | 22).
   349 | D:1      | 349 ||| SHOPLISTING ring of protection from fire (250 gold,
                  | have 22).
   609 | D:1      | 609 ||| READING scroll labelled CAFFI ABIL.
   610 | D:1      | 610 ||| READING scroll labelled JAEPPO KEKKORA.
   611 | D:1      | 611 ||| READING scroll labelled RIRCHU ETATI.
   615 | D:1      | 615 ||| READING scroll labelled BAKUFO FEFRAL.
   615 | D:1      | 615 ||| IDENTIFYING fizzy blue potion
   616 | D:1      | 616 ||| READING scroll labelled LOXU EZA XABA.
   617 | D:1      | 617 ||| DROPPING scroll of butterflies.
   618 | D:1      | 618 ||| DROPPING potion of degeneration.
   642 | D:2      | Reached XP level 3. HP: 18/18 MP: 4/4
   901 | D:2      | 901 ||| FLEEEEING.
   902 | D:2      | 902 ||| FLEEEEING.
   904 | D:2      | 904 ||| FLEEEEING.
   905 | D:2      | 905 ||| FLEEEEING.
   907 | D:2      | 907 ||| FLEEEEING.
   908 | D:2      | 908 ||| FLEEEEING.
   909 | D:2      | 909 ||| FLEEEEING.
   910 | D:2      | 910 ||| FLEEEEING.
   914 | D:2      | 914 ||| FLEEEEING.
   915 | D:2      | 915 ||| FLEEEEING.
   916 | D:2      | 916 ||| FLEEEEING.
   917 | D:2      | 917 ||| FLEEEEING.
   918 | D:2      | 918 ||| FLEEEEING.
   919 | D:2      | 919 ||| FLEEEEING.
  1008 | D:2      | Found a faded altar of an unknown god.
  1047 | D:2      | 1047 ||| READING scroll labelled DAUR KOEMAOMP.
  1048 | D:2      | 1048 ||| READING scroll labelled AVUXELU JIYSAA.
  1149 | D:2      | 1149 ||| DRINKING 2 fizzy clear potions.
  1150 | D:2      | 1150 ||| DRINKING 2 fuming blue potions.
  1151 | D:2      | 1151 ||| DROPPING potion of brilliance.
  1252 | D:3      | Noticed Robin
  1264 | D:3      | Reached skill level 5 in Ranged Weapons
  1268 | D:3      | Killed Robin
  1269 | D:3      | Reached XP level 4. HP: 14/22 MP: 5/5
  1365 | D:3      | Found Helle's Armour Shoppe.
  1392 | D:3      | 1392 ||| RETREEEEATING.
  1393 | D:3      | 1393 ||| RETREEEEATING.
  1394 | D:3      | 1394 ||| RETREEEEATING.
  1395 | D:3      | 1395 ||| RETREEEEATING.
  1405 | D:3      | Slain by a sleepcap

Levels and vault maps discovered:
D:1:      dpeg_arrival_round_c, layout_rooms, serial_shops,
          nicolae_shop_waterfront, minmay_quantized
D:2:      layout_rooms, hellmonk_ecumenical_altar_defaced_shrine
D:3:      layout_basic, serial_shops, shop, hellmonk_no_cap, uniq_robin

Skill      XL: |  1  2  3 |
---------------+----------+-----
Dodging        | 3 4 |  4.5
Ranged Weapons | 5 |  5.0
Fighting       | |  1.5
Stealth        | |  1.5

Action                     |  1- 3 |  4- 6 || total
---------------------------+-------+-------++-------
   Fire: Shortbow          |   107 |    20 ||   127
    Use: Scroll            |     7 |       ||     7
         Potion            |     2 |       ||     2
 Armour: Robe              |    11 |     2 ||    13
  Dodge: Dodged            |    29 |     6 ||    35

Table legend:
 A = Non-vault XP
 B = Vault XP
 C = Vault XP percentage of total XP
 D = Non-vault monster count
 E = Vault monster count
 F = Vault count percentage of total count
                 A         B        C        D         E       F
            +---------+---------+-------+---------+---------+-------
      Total |      66 |      50 |  43.1 |      36 |      17 |  32.1
            +---------+---------+-------+---------+---------+-------
        D:1 |      38 |       1 |   2.6 |      21 |       1 |   4.5
        D:2 |      23 |      12 |  34.3 |      12 |       4 |  25.0
        D:3 |       5 |      37 |  88.1 |       3 |      12 |  80.0
            +---------+---------+-------+---------+---------+-------
